[Event "Titled Tuesday Blitz August 16 Early 2022"]
[White "Aradhya, Garg"]
[Black "Oparin, Grigoriy"]
[WhiteFideId "25006746"]
[BlackFideId "24125890"]
[WhiteElo "2203"]
[BlackElo "2639"]
[Result "1/2-1/2"]
[Round "04"]
[TimeControl "180+1"]
[Date "2022.08.16"]
[WhiteClock "0:00:12"]
[BlackClock "0:01:04"]

1. d4 f5 2. g3 Nf6 3. Bg2 g6 4. Nf3 Bg7 5. O-O O-O 6. c4 d6 7. Nc3 c6 8. d5 e5 9. dxe6 Bxe6 10. b3 Qe7 11. Bb2 Na6 12. Ng5 Rad8 13. Nxe6 Qxe6 14. Rc1 Nc5 15. e3 Nfe4 16. Qc2 Nxc3 17. Bxc3 Bxc3 18. Qxc3 Qe5 19. Rfd1 Qxc3 20. Rxc3 a5 21. h4 Kf7 22. Kf1 Ke7 23. Ke2 h6 24. a3 Ra8 25. f3 g5 26. Rh1 Rh8 27. Kf2 Nd7 28. f4 Nc5 29. hxg5 hxg5 30. fxg5 Rxh1 31. Bxh1 Ne6 32. e4 fxe4 33. Bxe4 Nxg5 34. Re3 Kf6 35. Bg2 Nf7 36. Rf3+ Ke7 37. Rf5 Ne5 38. Rh5 Rf8+ 39. Ke2 Rf7 40. Be4 Rg7 41. Rh7 Rxh7 42. Bxh7 Kf6 43. Ke3 Kg5 44. Bc2 Kg4 45. Ke4 Nd7 46. Bd1+ Kxg3 47. Kf5 Nc5 48. b4 axb4 49. axb4 Nd3 50. Ke6 Nxb4 51. Kxd6 Na6 52. Ba4 Kf4 53. Bxc6 bxc6 54. Kxc6 Ke5 55. Kb6 Nb8 56. Kc7 Kd4 57. Kxb8 Kxc4 1/2-1/2


[Site "https://www.chess.com"]

[Event "Titled Tuesday Blitz August 16 Early 2022"]
[White "Araujo Sanchez, Josue"]
[Black "Yuan, Qingyu"]
[WhiteFideId "6416896"]
[BlackFideId "8609772"]
[WhiteElo "2374"]
[BlackElo "2359"]
[Result "0-1"]
[Round "04"]
[TimeControl "180+2"]
[Date "2022.08.18"]
[WhiteClock "0:00:00"]
[BlackClock "0:00:00"]

1. e4 c6 2. d4 d5 3. e5 c5 4. dxc5 e6 5. Qg4 h5 6. Qf4 Bxc5 7. Nf3 Nc6 8. Bd3 Qc7 9. O-O f6 10. Bg6+ Kf8 11. Re1 Nge7 12. Bd3 Nxe5 13. Nxe5 Bd6 14. Nc3 Bxe5 15. Qf3 Bxh2+ 16. Kh1 Be5 17. Nb5 Qb6 18. Rxe5 Bd7 19. Be3 Qa5 20. Nd4 Kf7 21. Rxh5 e5 22. Nb3 Qc7 23. Rxh8 Rxh8+ 24. Kg1 e4 25. Bxe4 Qh2+ 26. Kf1 dxe4 27. Qxe4 Bc6 28. Qc4+ Bd5 29. Qg4 Rh4 30. Qg3 Bc4+ 31. Ke1 Bxb3 32. Kd2 Be6 33. Qxh2 Rxh2 34. g3 a6 35. b3 Nd5 36. Bd4 Nb4 37. c4 Nc6 38. Bb6 Ne5 39. Re1 Nf3+ 0-1


[Site "https://www.chess.com"]

[Event "Titled Tuesday Blitz August 16 Early 2022"]
[White "Ardila, Oscar Humberto"]
[Black "Skliarov, Viktor"]
[WhiteFideId "4404742"]
[BlackFideId "14106736"]
[WhiteElo "1939"]
[BlackElo "2257"]
[Result "0-1"]
[Round "04"]
[TimeControl "180+2"]
[Date "2022.08.18"]
[WhiteClock "0:00:00"]
[BlackClock "0:00:00"]

1. d4 Nf6 2. c4 e6 3. Nc3 Bb4 4. Bd2 b6 5. Nf3 Bb7 6. e3 O-O 7. Be2 Bxc3 8. Bxc3 Ne4 9. Rc1 f5 10. O-O Nxc3 11. Rxc3 d6 12. b4 a5 13. a3 axb4 14. axb4 Nd7 15. Qb3 Nf6 16. c5 Bd5 17. Bc4 b5 18. Bxd5 Nxd5 19. Rcc1 Ra4 20. Rb1 Rxb4 21. Qd3 Rxb1 22. Rxb1 b4 23. Qc4 Qa8 24. Ng5 Re8 25. cxd6 cxd6 26. h4 h6 27. Nf3 Rc8 28. Qd3 Rc3 29. Qb5 Qc6 30. Qb8+ Kh7 31. h5 Rc1+ 32. Rxc1 Qxc1+ 33. Kh2 Qc7 34. Qe8 Qe7 35. Qb8 Qf7 36. Qxd6 Qxh5+ 37. Kg1 Qe8 38. Ne5 b3 39. Qa6 Qe7 40. Qb5 Qb4 41. Qe8 Qe7 42. Qb5 Nb4 43. Qc4 b2 44. Qb3 Qc7 45. Qxb2 Nd5 46. Qb5 Qe7 47. Qc6 Nf6 48. Qc8 g5 49. Nc6 Qf7 50. Nd8 Qd7 51. Qxd7+ Nxd7 52. Nxe6 Kg6 53. Kf1 Kf6 54. Nc7 Ke7 55. Ke2 Kd6 56. Nb5+ Kd5 57. Kd3 Nf6 58. Nc3+ Ke6 59. f3 h5 60. e4 f4 61. Ne2 Ne8 62. Kc4 Nd6+ 63. Kc5 Nb7+ 64. Kb6 Nd8 65. Kc5 Nb7+ 66. Kc6 Nd8+ 67. Kc7 Nf7 68. d5+ Ke5 69. Nc1 g4 70. Nd3+ Kd4 71. Nxf4 gxf3 72. gxf3 h4 73. d6 Ke5 74. Nd3+ Ke6 75. Nc5+ Kf6 76. d7 h3 0-1


[Site "https://www.chess.com"]

[Event "Titled Tuesday Blitz August 16 Early 2022"]
[White "Arslanov, Shamil"]
[Black "Costachi, Mihnea"]
[WhiteFideId "4192826"]
[BlackFideId "1217518"]
[WhiteElo "2338"]
[BlackElo "2437"]
[Result "0-1"]
[Round "04"]
[TimeControl "180+2"]
[Date "2022.08.18"]
[WhiteClock "0:00:00"]
[BlackClock "0:00:00"]

1. e4 c5 2. Nc3 g6 3. f4 Bg7 4. Nf3 Nc6 5. Bc4 e6 6. f5 Nge7 7. fxe6 fxe6 8. O-O d5 9. exd5 exd5 10. Bb5 O-O 11. Bxc6 Nxc6 12. d3 Bg4 13. h3 Bf5 14. Bg5 Qd6 15. Qd2 Rae8 16. Nb5 Qd7 17. Nc3 d4 18. Ne2 h6 19. Bf4 g5 20. Bg3 Bxh3 21. gxh3 Qxh3 22. Nh2 Rxe2 23. Qxe2 Qxg3+ 24. Qg2 Qxg2+ 25. Kxg2 h5 26. Rxf8+ Bxf8 27. Rf1 Kg7 28. Rf5 Be7 29. Nf3 Kg6 30. Rd5 g4 31. Ne5+ Nxe5 32. Rxe5 Bf8 33. Re8 Bg7 34. Kg3 Bf6 35. Kf4 Bg5+ 36. Ke4 h4 37. Rg8+ Kf6 38. Rf8+ Kg7 39. Rc8 h3 40. Rc7+ Kg6 41. Rxc5 h2 0-1


[Site "https://www.chess.com"]

[Event "Titled Tuesday Blitz August 16 Early 2022"]
[White "Atanasov, Anthony"]
[Black "Santos Ruiz, Miguel"]
[WhiteFideId "2623897"]
[BlackFideId "22291482"]
[WhiteElo "1928"]
[BlackElo "2478"]
[Result "1-0"]
[Round "04"]
[TimeControl "180+1"]
[Date "2022.08.16"]
[WhiteClock "0:00:05"]
[BlackClock "0:00:17"]

1. e4 c5 2. Nf3 Qc7 3. d4 cxd4 4. Qxd4 Nc6 5. Qe3 Nf6 6. c4 Nb4 7. Nd4 Qe5 8. Na3 e6 9. Bd2 Bc5 10. Bc3 Nxe4 11. f3 Bxd4 12. Bxd4 Qa5 13. Qxe4 f5 14. Qh4 Nc2+ 15. Kd1 Nxa1 16. Bxg7 Rg8 17. Qh5+ Ke7 18. Qxh7 Qa4+ 19. b3 Nxb3 20. axb3 Qxb3+ 21. Nc2 Rxg7 22. Qxg7+ Kd8 23. Qf8+ Kc7 24. Qc5+ Kd8 25. Qf8+ Kc7 26. Qc5+ Kd8 27. h4 b6 28. Qb4 Qa2 29. Qf8+ Kc7 30. Qa3 Qb1+ 31. Qc1 Qb3 32. Qe3 Qb1+ 33. Qc1 Qb3 34. h5 Bb7 35. Qf4+ d6 36. Qe3 Qb1+ 37. Qc1 Qb3 38. Qe3 Qb1+ 39. Kd2 e5 40. h6 f4 41. Qc3 Rh8 42. h7 Bc6 43. Nb4 Bd7 44. Nd5+ Kb7 45. Qc1 Qg6 46. Qc2 Bf5 47. Qb2 Rxh7 48. Rxh7+ Qxh7 49. Qb4 Qd7 50. Qb5 Qc8 51. Ne7 Qe6 52. Nxf5 Qxf5 53. Bd3 Qg5 54. Be4+ Kc7 55. Qc6+ Kd8 56. Qxd6+ Ke8 57. Bg6+ 1-0


[Site "https://www.chess.com"]

[Event "Titled Tuesday Blitz August 16 Early 2022"]
[White "Avalos Parra, Joao"]
[Black "Moreira, Ronaldo Alonso"]
[WhiteFideId "3402541"]
[BlackFideId "2110547"]
[WhiteElo "2173"]
[BlackElo "2037"]
[Result "1-0"]
[Round "04"]
[TimeControl "180+2"]
[Date "2022.08.18"]
[WhiteClock "0:00:00"]
[BlackClock "0:00:00"]

1. d4 Nf6 2. Nc3 d5 3. Bg5 e6 4. e4 dxe4 5. Nxe4 Be7 6. Bxf6 gxf6 7. Qd2 f5 8. Nc3 Bf6 9. O-O-O a6 10. d5 e5 11. Re1 Qd6 12. Nf3 O-O 13. Kb1 Nd7 14. h4 b5 15. g4 fxg4 16. Ne4 Qe7 17. Nxf6+ Qxf6 18. Ng5 Nb6 19. Bd3 Rd8 20. Bxh7+ Kg7 21. Be4 Bf5 22. Rhg1 Nc4 23. Qe2 Nd6 24. Bxf5 Qxf5 25. Rxg4 Kf8 26. Qxe5 Qxe5 27. Rxe5 Nc4 28. Rf5 Rd7 29. Rgf4 Re8 30. Rxf7+ Rxf7 31. Rxf7+ Kg8 32. a3 Re1+ 33. Ka2 Re5 34. Rxc7 Rxd5 35. a4 Rd2 36. axb5 axb5 37. Kb3 1-0


[Site "https://www.chess.com"]

[Event "Titled Tuesday Blitz August 16 Early 2022"]
[White "Baches Garcia, Guillermo"]
[Black "Barrientos, Sergio E"]
[WhiteFideId "2209764"]
[BlackFideId "4401824"]
[WhiteElo "2326"]
[BlackElo "2397"]
[Result "1/2-1/2"]
[Round "04"]
[TimeControl "180+2"]
[Date "2022.08.18"]
[WhiteClock "0:00:00"]
[BlackClock "0:00:00"]

1. e4 d5 2. exd5 Qxd5 3. Nc3 Qa5 4. g3 Nf6 5. Bg2 c6 6. Nge2 Bg4 7. h3 Bxe2 8. Qxe2 Nbd7 9. b4 Qc7 10. O-O e6 11. Rb1 a6 12. a4 Be7 13. b5 axb5 14. axb5 O-O 15. d3 Nd5 16. Bd2 Rfe8 17. Ne4 h6 18. c4 N5f6 19. Be3 Rac8 20. b6 Qb8 21. d4 Nxe4 22. Bxe4 Nf6 23. Bg2 Rcd8 24. Rfd1 Qd6 25. Bf4 Qd7 26. Ra1 Ra8 27. Ra7 Rxa7 28. bxa7 Ra8 29. Qa2 Bc5 30. dxc5 Qxd1+ 31. Kh2 Qd4 32. Bd6 Nd7 33. Qa5 Nf8 34. Qc7 Rxa7 35. Qb8 Ra2 36. Qxf8+ Kh7 37. Qxf7 Qxf2 38. Qxf2 Rxf2 39. Kg1 Re2 40. Bf1 Rd2 41. Bf4 Rb2 42. Bd6 g5 43. g4 Kg6 44. Bg2 Kf6 45. Be4 e5 46. Kf1 Rb3 47. Bf5 Rxh3 48. Bc8 Rb3 49. Ke2 e4 50. Kf2 Rb4 51. Ke3 Rxc4 52. Bxb7 Rc3+ 53. Kxe4 Rc4+ 54. Kd3 Rxg4 55. Bxc6 Rg1 56. Bd7 h5 57. c6 Rd1+ 58. Ke4 Rxd6 59. c7 Rxd7 60. c8=Q Re7+ 61. Kf3 Re5 62. Qf8+ Kg6 63. Qg8+ Kf6 64. Qh8+ Ke6 65. Qxh5 Rf5+ 66. Kg4 Rf4+ 67. Kg3 Kf5 68. Qf7+ Ke5 69. Qe7+ Kf5 70. Qf7+ Ke5 71. Qg7+ Kf5 72. Qf7+ 1/2-1/2


[Site "https://www.chess.com"]

[Event "Titled Tuesday Blitz August 16 Early 2022"]
[White "Barp, Alberto"]
[Black "Le, Tuan Minh"]
[WhiteFideId "872555"]
[BlackFideId "12401153"]
[WhiteElo "2229"]
[BlackElo "2530"]
[Result "1/2-1/2"]
[Round "04"]
[TimeControl "180+1"]
[Date "2022.08.16"]
[WhiteClock "0:00:06"]
[BlackClock "0:00:06"]

1. d4 d5 2. c4 c6 3. cxd5 cxd5 4. Bf4 Nf6 5. Nc3 Nc6 6. e3 a6 7. Be2 Bf5 8. Nf3 e6 9. Qb3 Ra7 10. Ne5 Nxe5 11. Bxe5 Nd7 12. Bg3 Be7 13. O-O O-O 14. a4 Nb8 15. a5 Nc6 16. Qb6 Qd7 17. Na4 Bd8 18. Nc5 Qc8 19. Qb3 Nxa5 20. Qc3 Nc6 21. b4 Ra8 22. Rfc1 Be7 23. Nxa6 Nxb4 24. Qb2 Nc6 25. Nc5 Rxa1 26. Rxa1 Bxc5 27. dxc5 Qd7 28. Bd6 Rc8 29. Qb6 h6 30. Bb5 d4 31. exd4 Be4 32. h3 Bd5 33. Ra7 e5 34. Qxb7 Qf5 35. Bd3 e4 36. Bf1 Nxd4 37. Qe7 Qg6 38. Kh1 Nf5 39. Qe5 Bc6 40. Rc7 Rxc7 41. Bxc7 e3 42. fxe3 h5 43. Bd6 h4 44. Kg1 Ng3 45. Bc4 Ne2+ 46. Kf2 Qxg2+ 47. Ke1 Ng3 48. Qf4 Qg1+ 49. Kd2 Ne4+ 50. Kc2 Qg2+ 51. Kb3 Nd2+ 52. Kb4 Nxc4 53. Kxc4 Qxh3 54. Qg5 f6 55. Qg6 Qe6+ 56. Kd4 h3 57. Qh5 Qe4+ 58. Kc3 Qxe3+ 59. Kb4 Qd4+ 60. Ka5 Bd7 61. Kb6 Qe4 62. Kc7 Be6 63. Qe8+ Kh7 64. Qh5+ Kg8 65. Qe8+ Kh7 66. Qh5+ Kg8 1/2-1/2


[Site "https://www.chess.com"]

[Event "Titled Tuesday Blitz August 16 Early 2022"]
[White "Bashirli, Nail"]
[Black "Rios Escobar, Adan"]
[WhiteFideId "13406809"]
[BlackFideId "3403645"]
[WhiteElo "2333"]
[BlackElo "2276"]
[Result "1-0"]
[Round "04"]
[TimeControl "180+2"]
[Date "2022.08.18"]
[WhiteClock "0:00:00"]
[BlackClock "0:00:00"]

1. e4 c5 2. Nf3 d6 3. d4 cxd4 4. Nxd4 Nf6 5. Nc3 a6 6. Bc4 e6 7. Bb3 b5 8. Qf3 Qc7 9. O-O Be7 10. Qg3 Nc6 11. Nxc6 Qxc6 12. Re1 Bb7 13. Bg5 O-O-O 14. Rad1 h6 15. Be3 h5 16. f3 h4 17. Qf2 h3 18. g3 g5 19. Bb6 g4 20. f4 Kb8 21. Ba7+ Ka8 22. Qb6 Nxe4 23. Rxe4 d5 24. Re2 d4 25. Qxc6 Bxc6 26. Bxd4 Rxd4 27. Rxd4 Bc5 28. Rd2 Rd8 29. Ne2 Bf3 30. c3 f6 31. Kf1 Bxe2+ 32. Kxe2 Bxd4 33. Rxd4 Re8 34. Rd6 e5 35. f5 Kb7 36. Re6 Rd8 37. Rxf6 a5 38. Rf7+ Kb6 39. Rf6+ Kc5 40. Re6 a4 41. Bc2 Kd5 42. Re7 Rf8 43. Rg7 Rf6 44. Rxg4 Kc5 45. Be4 Kd6 46. b4 axb3 47. axb3 Kc5 48. Rg6 Rf8 49. Rc6# 1-0


[Site "https://www.chess.com"]

[Event "Titled Tuesday Blitz August 16 Early 2022"]
[White "Beerdsen, Thomas"]
[Black "Bortnyk, Olexandr"]
[WhiteFideId "1030108"]
[BlackFideId "14120828"]
[WhiteElo "2567"]
[BlackElo "2723"]
[Result "1-0"]
[Round "04"]
[TimeControl "180+1"]
[Date "2022.08.16"]
[WhiteClock "0:00:04"]
[BlackClock "0:00:02"]

1. e4 Nf6 2. Nc3 d6 3. d4 Nbd7 4. Nf3 e5 5. g4 Nxg4 6. Rg1 Ngf6 7. Bc4 h6 8. a4 c6 9. a5 g6 10. Be3 Bg7 11. Qd2 Qe7 12. O-O-O b6 13. Ba2 bxa5 14. dxe5 dxe5 15. Nh4 Rb8 16. Nf5 gxf5 17. Rxg7 Qb4 18. Bb3 f4 19. Bxf4 exf4 20. e5 Nd5 21. e6 fxe6 22. Qe2 Nc5 23. Qh5+ Kd8 24. Rxd5+ Nd7 25. Rxa5 Qd4 26. Qh4+ Kc7 27. Qe7 Qxf2 28. Kb1 Qe3 29. Bxe6 Rb7 30. Ra3 Kb8 31. Qd6+ Ka8 32. Bxd7 Rd8 33. Bxc8 Rxb2+ 34. Kxb2 Rxd6 35. Ba6 f3 36. Rg8+ Rd8 37. Rxd8# 1-0


[Site "https://www.chess.com"]

[Event "Titled Tuesday Blitz August 16 Early 2022"]
[White "Bharath Subramaniyam H"]
[Black "Liu, Casper"]
[WhiteFideId "46634827"]
[BlackFideId "1454153"]
[WhiteElo "2346"]
[BlackElo "2025"]
[Result "1-0"]
[Round "04"]
[TimeControl "180+2"]
[Date "2022.08.18"]
[WhiteClock "0:00:00"]
[BlackClock "0:00:00"]

1. c4 c5 2. Nc3 g6 3. g3 Bg7 4. Bg2 Nc6 5. b3 Nf6 6. Ba3 d6 7. e3 O-O 8. Nge2 e5 9. O-O Ne8 10. d4 exd4 11. exd4 Nxd4 12. Nxd4 Bxd4 13. Rc1 Nc7 14. b4 Re8 15. Qb3 Rb8 16. Rfd1 Qe7 17. Rd2 Be6 18. bxc5 dxc5 19. Rxd4 b5 20. Nd5 Qg5 21. Nxc7 cxd4 22. Nxe8 Rxe8 23. Qxb5 Rd8 24. Qxg5 1-0


[Site "https://www.chess.com"]

[Event "Titled Tuesday Blitz August 16 Early 2022"]
[White "Bintang, Rasyid A. Hidayat"]
[Black "Nugumanov, Bakhtiyar"]
[WhiteFideId "7105355"]
[BlackFideId "13701797"]
[WhiteElo "1820"]
[BlackElo "2287"]
[Result "1-0"]
[Round "04"]
[TimeControl "180+2"]
[Date "2022.08.18"]
[WhiteClock "0:00:00"]
[BlackClock "0:00:00"]

1. d4 d5 2. Bf4 c5 3. e3 Nc6 4. Nf3 Nf6 5. Nbd2 g6 6. c3 Bg7 7. h4 h5 8. Bd3 O-O 9. Ne5 Nd7 10. Ndf3 Qb6 11. Rb1 Qa5 12. Nxc6 bxc6 13. a3 cxd4 14. exd4 c5 15. O-O cxd4 16. Nxd4 e5 17. Nb3 Qc7 18. Bg3 a5 19. Qc2 Bb7 20. f3 Qb6+ 21. Bf2 Qd6 22. Rbd1 a4 23. Nd2 Nc5 24. Be2 Qe7 25. Rfe1 Rfd8 26. Nf1 Ne6 27. Ne3 d4 28. Nc4 Ba6 29. Qe4 Nc5 30. Qb1 d3 31. Bxd3 Nxd3 32. Rxd3 Bxc4 33. Rxd8+ Rxd8 34. Rd1 Rxd1+ 35. Qxd1 Bb3 36. Qd2 Kh7 37. Be3 Qe6 38. Qf2 Qd5 39. Bd2 Qd3 40. Qe3 Qxe3+ 41. Bxe3 f5 42. Bb6 e4 43. Be3 Bf6 44. g3 exf3 45. Kf2 Bd1 46. c4 Kg7 47. c5 Bxb2 48. c6 Bxa3 49. c7 Be7 50. c8=Q a3 51. Qd7 Kf7 52. Qxd1 a2 53. Qb3+ Kf8 54. Qxa2 Kg7 55. Qa8 Kh7 56. Bd4 Bf6 57. Qa7+ Kh6 58. Qa4 Bxd4+ 59. Qxd4 g5 60. Qe3 f4 61. gxf4 gxh4 62. Qxf3 h3 63. Qxh3 h4 64. Kg2 Kg6 65. Kf3 Kf6 66. Qxh4+ Kf7 67. Qg4 Kf8 68. f5 Kf7 69. Kf4 Kf8 70. Ke5 Kf7 71. f6 Kf8 72. Qg7+ Ke8 73. Qe7# 1-0


[Site "https://www.chess.com"]

[Event "Titled Tuesday Blitz August 16 Early 2022"]
[White "Bodnar, Nikolay"]
[Black "Pham, Khoi"]
[WhiteFideId "14106469"]
[BlackFideId "1054988"]
[WhiteElo "2283"]
[BlackElo "2376"]
[Result "0-1"]
[Round "04"]
[TimeControl "180+2"]
[Date "2022.08.18"]
[WhiteClock "0:00:00"]
[BlackClock "0:00:00"]

1. d4 f5 2. g4 fxg4 3. h3 d5 4. hxg4 Bxg4 5. Bh3 Bxh3 6. Nxh3 Nf6 7. Ng5 Nc6 8. Qd3 Qd6 9. c3 e5 10. dxe5 Nxe5 11. Qh3 Qd7 12. Qg3 Bd6 13. Bf4 Nf7 14. Qe3+ Qe7 15. Ne6 Bxf4 16. Nxg7+ Kf8 17. Ne6+ Ke8 18. Nxf4 Qxe3 19. fxe3 Kd7 20. Nd2 c6 21. O-O-O Rae8 22. Rh3 Kc7 23. Rdh1 Ne5 24. Nd3 Neg4 25. Nf1 Re7 26. Kd2 Ne4+ 27. Ke1 Nef6 28. Kd2 Rhe8 29. Rf3 Ne4+ 30. Ke1 h6 31. Rh4 Nef6 32. Kd2 h5 33. Nf4 Re5 34. Ng6 Rg5 35. Nf4 Ne4+ 36. Ke1 Ne5 37. Rfh3 Nf6 38. Nxh5 Nfg4 39. Nf4 Nf6 40. Rh6 Ne4 41. Rh7+ Kb6 42. Rh1 Nc4 43. b3 Na3 44. Rf7 Nb5 45. c4 Nbd6 46. Rfh7 dxc4 47. bxc4 Nxc4 48. R1h4 Rb5 49. Kd1 Rd8+ 50. Kc2 Rb2+ 51. Kc1 Nc3 52. Nd3 Rxa2 53. Rh2 Nxe2+ 54. Rxe2 Rxe2 55. Nf4 Rf2 56. Ng3 Rdd2 57. Nge2 Rdxe2 58. Nxe2 Rxe2 59. Rh4 Nxe3 60. Re4 c5 61. Re7 Ka6 62. Kb1 b6 63. Re6 Re1+ 64. Ka2 Nc2 65. Rd6 Nb4+ 66. Kb2 Kb5 67. Rh6 Re2+ 68. Kb1 Ka4 69. Rh4 Kb3 70. Rh3+ Ka4 71. Rh7 b5 72. Rxa7+ Kb3 73. Kc1 c4 74. Rh7 c3 75. Rh3 Re1# 0-1


[Site "https://www.chess.com"]

[Event "Titled Tuesday Blitz August 16 Early 2022"]
[White "Borgaonkar Akshay"]
[Black "Yeletsky, Ivan"]
[WhiteFideId "25639110"]
[BlackFideId "24180327"]
[WhiteElo "1755"]
[BlackElo "2293"]
[Result "0-1"]
[Round "04"]
[TimeControl "180+1"]
[Date "2022.08.16"]
[WhiteClock "0:01:10"]
[BlackClock "0:02:04"]

1. e4 Nf6 2. e5 Nd5 3. d4 d6 4. Nf3 Bg4 5. Bc4 e6 6. h3 Bh5 7. Nc3 Nxc3 8. bxc3 dxe5 9. g4 Bg6 10. Nxe5 Bd6 11. Qf3 Nd7 12. Nxd7 Qxd7 13. Qxb7 O-O 14. Bd3 Rab8 15. Qf3 f5 16. g5 Qf7 17. Be2 f4 18. h4 Bxc2 19. h5 Qf5 20. Qh3 Qe4 21. Qf3 Qf5 22. g6 Be4 23. gxh7+ Kh8 24. Qh3 Bxh1 25. Qxh1 f3 26. Bc4 Qe4+ 27. Be3 Bf4 28. h6 Bxh6 29. O-O-O Bxe3+ 30. fxe3 Rb1+ 31. Kd2 Rb2+ 32. Ke1 f2+ 0-1


[Site "https://www.chess.com"]

[Event "Titled Tuesday Blitz August 16 Early 2022"]
[White "Broca Jimenez, Fernando"]
[Black "Novikova, Galina"]
[WhiteFideId "5104742"]
[BlackFideId "4157095"]
[WhiteElo "2062"]
[BlackElo "1923"]
[Result "1/2-1/2"]
[Round "04"]
[TimeControl "180+2"]
[Date "2022.08.18"]
[WhiteClock "0:00:00"]
[BlackClock "0:00:00"]

1. e4 e6 2. d4 d5 3. exd5 exd5 4. Bd3 Nc6 5. Bf1 Bf5 6. Nf3 Qd7 7. Bd3 O-O-O 8. O-O f6 9. c3 Bd6 10. Re1 g5 11. Qe2 Bxd3 12. Qxd3 Nge7 13. Qe2 h5 14. Qe6 h4 15. Qxd7+ Kxd7 16. Nfd2 Rdg8 17. Nf1 g4 18. Nbd2 Rg7 19. b4 Nf5 20. Nb3 b6 21. Ne3 Nfe7 22. a4 f5 23. a5 f4 24. Nc2 g3 25. fxg3 f3 26. Ne3 hxg3 27. hxg3 Bxg3 28. Rf1 Bh2+ 29. Kf2 fxg2 30. Nxg2 Rf8+ 31. Ke1 Rfg8 32. Nf4 Rf7 33. Ne2 Rgf8 34. Rxf7 Rxf7 35. Be3 Rf3 36. Kd2 Nf5 37. Bg5 Bd6 38. axb6 axb6 39. Nbc1 Ng3 40. Bh4 Ne4+ 41. Ke1 Rh3 42. Bf2 Nxc3 43. Nxc3 Rxc3 44. Ne2 Rh3 45. Kd2 Nxb4 46. Rg1 Rd3+ 47. Ke1 Rh3 48. Rg7+ Kc6 49. Rg6 Nd3+ 50. Kf1 Rf3 51. Rg2 b5 52. Kg1 Nxf2 53. Rxf2 Rxf2 54. Kxf2 b4 55. Ke3 Kb5 56. Kd3 Ka4 57. Kc2 b3+ 58. Kb2 Ba3+ 59. Kb1 Bf8 60. Kb2 Bg7 61. Nc3+ Kb4 62. Nxd5+ Kc4 63. Nxc7 Bxd4+ 64. Kb1 Kc3 65. Ne6 Be5 66. Nc5 Kb4 67. Nxb3 1/2-1/2


[Site "https://www.chess.com"]

[Event "Titled Tuesday Blitz August 16 Early 2022"]
[White "Buscar, Michael"]
[Black "Rostomyan, Mikayel"]
[WhiteFideId "2603616"]
[BlackFideId "13313754"]
[WhiteElo "2010"]
[BlackElo "1426"]
[Result "0-1"]
[Round "04"]
[TimeControl "180+2"]
[Date "2022.08.18"]
[WhiteClock "0:00:00"]
[BlackClock "0:00:00"]

1. Nf3 d5 2. c4 c6 3. b3 Nf6 4. Bb2 Bf5 5. d3 e6 6. g3 h6 7. Bg2 Be7 8. O-O O-O 9. Nbd2 Bh7 10. Re1 Nbd7 11. e4 dxe4 12. dxe4 Nc5 13. Qe2 Nd3 14. Reb1 Nxb2 15. Rxb2 Nd7 16. Rd1 Nc5 17. Nf1 Qc7 18. Ne1 Rad8 19. Rbd2 Rxd2 20. Rxd2 Rd8 21. Nd3 a5 22. Qe3 Nxd3 23. Rxd3 Bg5 24. Qe2 Ra8 25. Qd1 Qe5 26. h4 Bf6 27. f4 Qc5+ 28. Kh2 Qb6 29. Qd2 Rd8 30. Ne3 Rd4 31. Ng4 Rxd3 32. Qxd3 Bd4 33. f5 h5 34. fxe6 fxe6 0-1


[Site "https://www.chess.com"]

[Event "Titled Tuesday Blitz August 16 Early 2022"]
[White "Bykhovsky, Anatoly"]
[Black "Aggelis, Nikolaos"]
[WhiteFideId "2806991"]
[BlackFideId "4213220"]
[WhiteElo "2540"]
[BlackElo "2154"]
[Result "1-0"]
[Round "04"]
[TimeControl "180+1"]
[Date "2022.08.16"]
[WhiteClock "0:00:30"]
[BlackClock "0:00:09"]

1. Nf3 Nf6 2. c4 g6 3. Nc3 d5 4. cxd5 Nxd5 5. h4 Nxc3 6. bxc3 h5 7. d4 c5 8. e4 b6 9. Be3 Bb7 10. d5 Bg7 11. Rc1 Qd6 12. Qd2 e6 13. Bb5+ Kf8 14. Bf4 e5 15. Be3 a6 16. Be2 Nd7 17. a4 f6 18. O-O Kf7 19. Rb1 Rab8 20. Qa2 Bh6 21. Bxh6 Rxh6 22. Nd2 Kg7 23. Rb2 Rhh8 24. Rfb1 Rhf8 25. Nc4 Qc7 26. Rb3 f5 27. exf5 Bxd5 28. fxg6 Rf4 29. Ne3 Bxb3 30. Qxb3 c4 31. Nxc4 Qc5 32. Ne3 Rbf8 33. Qe6 Nf6 34. Qxb6 Qxb6 35. Rxb6 Ne4 36. Rb7+ Kh6 37. Bd3 Kxg6 38. f3 Kf6 39. Nd5+ Ke6 40. Nxf4+ Rxf4 41. Bxe4 Rxh4 42. g3 Rh3 43. Kg2 1-0


[Site "https://www.chess.com"]

[Event "Titled Tuesday Blitz August 16 Early 2022"]
[White "Cannon, David"]
[Black "Bashirli, Saadat"]
[WhiteFideId "3213110"]
[BlackFideId "13429990"]
[WhiteElo "1901"]
[BlackElo "1173"]
[Result "1-0"]
[Round "04"]
[TimeControl "180+2"]
[Date "2022.08.18"]
[WhiteClock "0:00:00"]
[BlackClock "0:00:00"]

1. d4 d5 2. c4 e6 3. Nf3 c6 4. e3 dxc4 5. Bxc4 b5 6. Bd3 Bb7 7. O-O Nf6 8. e4 Nbd7 9. e5 Nd5 10. Ng5 h6 11. Qh5 hxg5 12. Qxh8 Nf4 13. Bxf4 gxf4 14. Be4 Qb6 15. Rd1 c5 16. Bxb7 Qxb7 17. Nc3 cxd4 18. Rxd4 Nxe5 19. Rad1 f3 20. Ne4 Qc7 21. g3 Ng6 22. Qg8 Ke7 23. Rd7+ Qxd7 24. Rxd7+ Kxd7 25. Qxf7+ Ne7 26. Qxf3 Rc8 27. Qd3+ Kc7 28. Qxb5 Nd5 29. Nc5 Kd6 30. Qd7+ Kxc5 31. Qxc8+ Kd4 32. Qxf8 Nb4 33. Qxg7+ Kc4 34. Qxa7 Kb5 35. h4 Nd5 36. h5 Nf6 37. h6 Kc4 38. Qf7 Nh7 1-0


[Site "https://www.chess.com"]

[Event "Titled Tuesday Blitz August 16 Early 2022"]
[White "Carrasco Miranda, Andres"]
[Black "Gonzalez Vega, Alejandro"]
[WhiteFideId "3405990"]
[BlackFideId "3510042"]
[WhiteElo "2177"]
[BlackElo "2092"]
[Result "1-0"]
[Round "04"]
[TimeControl "180+2"]
[Date "2022.08.18"]
[WhiteClock "0:00:00"]
[BlackClock "0:00:00"]

1. d4 d5 2. c4 e6 3. Nf3 Nf6 4. g3 Be7 5. Bg2 O-O 6. O-O dxc4 7. Qc2 a6 8. a4 Nc6 9. Qxc4 Na5 10. Qc3 Nc6 11. Bf4 Nd5 12. Qd2 Bb4 13. Nc3 Nxf4 14. Qxf4 Bd6 15. Qe4 Nb4 16. Rfd1 f5 17. Qb1 c6 18. e4 f4 19. e5 Be7 20. Qe4 fxg3 21. hxg3 Qe8 22. Qg4 Qf7 23. Ne4 h6 24. Nh4 Bxh4 25. Qxh4 Nd5 26. Rd2 Qg6 27. Nd6 Rb8 28. Be4 Qg5 29. Qxg5 hxg5 30. Kg2 Ne7 31. Rh1 g6 32. Rc2 Kg7 33. a5 Bd7 34. Rc5 Nd5 35. Bxd5 exd5 36. Rc3 g4 37. Rb3 Bc8 38. Rc1 Rf3 39. Rxf3 gxf3+ 40. Kxf3 Be6 41. Ke3 Rf8 42. Rh1 Bf5 43. f4 Bc2 44. g4 Ba4 45. f5 Bb5 46. f6+ Kg8 47. Rh6 Be2 48. Rxg6+ Kh8 49. g5 Bh5 50. Rh6+ Kg8 51. Rxh5 1-0


[Site "https://www.chess.com"]

[Event "Titled Tuesday Blitz August 16 Early 2022"]
[White "Ciuffoletti, Paolo"]
[Black "Brozyna, Mateusz"]
[WhiteFideId "807630"]
[BlackFideId "21816140"]
[WhiteElo "2143"]
[BlackElo "2030"]
[Result "0-1"]
[Round "04"]
[TimeControl "180+2"]
[Date "2022.08.18"]
[WhiteClock "0:00:00"]
[BlackClock "0:00:00"]

1. e4 e5 2. Nf3 Nc6 3. Bc4 Bc5 4. b4 Bxb4 5. c3 Ba5 6. d4 d6 7. dxe5 Nge7 8. exd6 cxd6 9. Bf4 Bg4 10. Bxf7+ Kf8 11. Bb3 Ne5 12. Bxe5 dxe5 13. Qe2 Ng6 14. O-O Qf6 15. Nbd2 Nf4 16. Qb5 Bxc3 17. Rac1 Rc8 18. Qxb7 Ne2+ 19. Kh1 Nxc1 20. Rxc1 Qe7 21. Qd5 Bxd2 22. Rxc8+ Bxc8 23. Nxd2 g6 24. Nf3 Kg7 25. Nxe5 Rd8 26. Qa5 Qd6 27. h3 a6 28. Nf7 Qd2 29. Qxd8 Qxd8 30. Nxd8 Kf6 31. Nc6 Bd7 32. Bd5 h5 33. f4 g5 34. g3 Bxh3 0-1


[Site "https://www.chess.com"]

[Event "Titled Tuesday Blitz August 16 Early 2022"]
[White "Clawitter, Craig"]
[Black "Vidonyak, Roman"]
[WhiteFideId "2023105"]
[BlackFideId "14100622"]
[WhiteElo "2050"]
[BlackElo "2442"]
[Result "0-1"]
[Round "04"]
[TimeControl "180+2"]
[Date "2022.08.18"]
[WhiteClock "0:00:00"]
[BlackClock "0:00:00"]

1. e4 c5 2. Nf3 d6 3. d4 cxd4 4. Nxd4 Nf6 5. Nc3 a6 6. Be3 e5 7. Nb3 Be7 8. f3 Be6 9. Qd2 O-O 10. g4 d5 11. g5 d4 12. gxf6 Bxf6 13. O-O-O dxe3 14. Qxe3 Qc7 15. Qc5 Bg5+ 16. Kb1 Nc6 17. Rg1 Bh6 18. Nd5 Qd8 19. Be2 Qh4 20. Rg2 Rac8 21. Rdg1 Kh8 22. Nb6 Rcd8 23. Bd3 g6 24. Nd5 Bxd5 25. exd5 Nd4 26. Nxd4 exd4 27. d6 Rfe8 28. Be4 Qf6 29. Bxb7 d3 30. cxd3 Be3 31. Qc3 Qxc3 32. bxc3 Bxg1 33. Rxg1 Rb8 34. d7 Red8 0-1


[Site "https://www.chess.com"]